 Dungeon Crawl Stone Soup version 0.21.1 (webtiles) character file.

114 Jannitor the Ducker (level 4, -6/28 HPs)
             Began as a Deep Elf Chaos Knight on Feb 5, 2018.
             Killed by divine providence
             ... invoked by an orc priest
              (15 damage)
             ... on level 4 of the Dungeon.
             The game lasted 00:06:28 (3051 turns).

Jannitor the Ducker (Deep Elf Chaos Knight)         Turns: 3051, Time: 00:06:29

Health: -6/28      AC:  5    Str: 12    XL:     4   Next: 67%
Magic:  6/6        EV: 14    Int: 17    God:    Xom [......]
Gold:   163        SH:  0    Dex: 14    Spells: 3/3 levels left

rFire    . . .     SeeInvis .   i - +1 whip (elec)
rCold    . . .     Gourm    .   (no shield)
rNeg     . . .     Faith    .   b - +2 leather armour
rPois    .         Spirit   .   (no helmet)
rElec    .         Reflect  .   (no cloak)
rCorr    +         Harm     .   (no gloves)
MR       .....                  (no boots)
Stlth    +.........             (no amulet)
HPRegen  0.09/turn              g - ring of resist corrosion
MPRegen  0.10/turn              (no ring)

@: no status effects
A: strong 1, sturdy frame 1
a: Renounce Religion


You were on level 4 of the Dungeon.
You worshipped Xom.
You were a very special plaything of Xom.
You were hungry.

You visited 1 branch of the dungeon, and saw 4 of its levels.

You collected 163 gold pieces.

Inventory:

Hand Weapons
 a - a +0 short sword of chaos
 i - a +1 whip of electrocution (weapon)
 o - a +1 dagger of flaming
Missiles
 d - 56 stones (quivered)
Armour
 b - a +2 leather armour (worn)
Jewellery
 g - a ring of resist corrosion (left hand)
Scrolls
 e - 2 scrolls of identify
 f - a scroll of magic mapping {unknown}
 h - 2 scrolls of teleportation
 j - a scroll of remove curse {unknown}
 l - 2 scrolls of fog {unknown}
 n - a scroll of immolation {unknown}
Potions
 k - a potion of ambrosia
 m - a potion of brilliance
 p - a potion of curing
Comestibles
 c - 4 rations


   Skills:
 + Level 3.2 Fighting
 + Level 3.9 Short Blades
 - Level 0.7 Armour
 + Level 4.0 Dodging


You had 3 spell levels left.
You didn't know any spells.

Dungeon Overview and Level Annotations

Branches:
Dungeon (4/15)
 Temple: D:4-7

Altars:
Ashenzari
Xom

Annotations:
D:3 Grinder; jesusflecha's ghost, amateur GrFi


Innate Abilities, Weirdness & Mutations

Your muscles are strong. (Str +2)
Your movements are slightly less encumbered by armour. (ER -2)


Message History

An orc priest comes into view. It is wielding a hand axe.
The orc priest shouts!
You hear a shout! x3
An orc comes into view. It is wielding a club.
You closely miss the orc priest.
The orc priest calls down the wrath of Beogh upon you.
Beogh smites you!
Unknown command.
You hit the orc priest.
The orc priest is moderately wounded.
The orc priest completely misses you.
You hit the orc priest but do no damage.
The orc priest is moderately wounded.
The orc priest barely misses you.
You closely miss the orc priest.
The orc priest is moderately wounded.
The orc priest calls down the wrath of Beogh upon you.
Beogh smites you!
Ouch! That really hurt!
You die...
Xom howls with laughter!

###########
#.........#
#.........#
#.........#
#..[8.8..##
+....<..@#
#...8.8.o.#
#.......o.#
##........#
.......#....
........#.....
.........#.....
.........#####'


You could see an orc priest and an orc.

Vanquished Creatures
  An orc wizard (D:4)
  2 adders (D:2)
  An adder skeleton (D:2)
  2 leopard geckos
  8 bats
  3 bat skeletons (D:2)
  2 giant cockroaches (D:1)
  3 hobgoblins
  7 jackals (D:1)
  3 kobolds
  4 quokkas (D:3)
  6 frilled lizards
  6 goblins
  A jackal skeleton (D:2)
  A leopard gecko zombie (D:2)
  8 rats
58 creatures vanquished.

Vanquished Creatures (collateral kills)
  A bat (D:2)
  A jackal (D:1)
2 creatures vanquished.

Vanquished Creatures (others)
  A bat (D:1)
1 creature vanquished.

Grand Total: 61 creatures vanquished

Notes
Turn   | Place    | Note
-------+----------+-------------------------------------------
     0 | D:1      | Jannitor the Deep Elf Chaos Knight began the quest for the Orb.
     0 | D:1      | Reached XP level 1. HP: 13/13 MP: 3/3
   142 | D:1      | XOM: divination: detect creatures
   486 | D:1      | Reached XP level 2. HP: 18/18 MP: 4/4
   738 | D:1      | Reached skill level 3 in Dodging
   797 | D:1      | XOM: cast spell 'Summon Ice Beast'
   812 | D:1      | Reached XP level 3. HP: 18/22 MP: 5/5
   874 | D:1      | XOM: noise
  1396 | D:2      | XOM: divination: detect creatures
  1467 | D:2      | XOM: enchant monster (good)
  1540 | D:3      | XOM: silly message
  1552 | D:3      | Found a faded altar of an unknown god.
  1558 | D:3      | Noticed Grinder
  2000 | D:2      | XOM is BORED!
  2000 | D:2      | XOM: mild Tmut miscast
  2108 | D:2      | Found a shimmering altar of Xom.
  2190 | D:2      | Reached XP level 4. HP: 15/28 MP: 6/6
  2297 | D:2      | XOM: give mutations
  2297 | D:2      | Gained mutation: Your movements are slightly less encumbered by armour. (ER -2) [Xom's grace]
  2297 | D:2      | Gained mutation: Your muscles are strong. (Str +2) [Xom's grace]
  2525 | D:3      | Noticed jesusflecha's ghost (amateur GrFi)
  2577 | D:3      | Found a shattered altar of Ashenzari.
  2657 | D:3      | XOM: 2-stop teleportation journey
  2691 | D:4      | XOM: fog
  2694 | D:4      | Reached skill level 4 in Dodging
  2847 | D:3      | XOM: cleaving
  2851 | D:3      | XOM: summons friendly shadow imp
  2855 | D:3      | XOM: divination: magic mapping
  2855 | D:3      | XOM: butterfly on damage
  2866 | D:3      | XOM: chaos cloud
  3051 | D:4      | Killed from afar by an orc priest

Skill      XL: |  1  2  3  4 |
---------------+-------------+-----
Dodging        | 3 4 |  4.0
Fighting       | 3 |  3.2
Short Blades   | |  3.9
Armour         | |  0.7

Action                   |  1- 3 |  4- 6 || total
-------------------------+-------+-------++-------
Melee: Short sword       |   156 |    44 ||   200
       Whip              |       |     5 ||     5
Throw: Stone             |     4 |     1 ||     5
  Use: Scroll            |     1 |     3 ||     4
       Potion            |     2 |       ||     2
 Stab: Paralysed         |       |     1 ||     1
  Eat: Chunk             |     4 |     2 ||     6
Armor: Leather armour    |    47 |    18 ||    65
Dodge: Dodged            |   115 |    36 ||   151
